 Dungeon Crawl Stone Soup version 0.26.1-11-gd32895ea62 (webtiles) character file.

Game seed: 16533347201746128704

222007 porpoise the Fighter (level 19, 0/136 HPs)
             Began as a Halfling Hunter on Apr 24, 2021.
             Was a High Priest of Okawaru.
             Slain by a merfolk impaler
             ... wielding a +2 demon trident of freezing
              (9 damage)
             ... on level 4 of the Shoals.
             The game lasted 02:54:19 (39150 turns).

porpoise the Fighter (Halfling Hunter)             Turns: 39150, Time: 02:54:22

Health: 0/136      AC: 30    Str: 22    XL:     19   Next: 99%
Magic:  20/26      EV: 11    Int: 15    God:    Okawaru [*****.]
Gold:   1295       SH:  0    Dex: 17    Spells: 8/28 levels left

rFire    + . .     SeeInvis +   a - +9 hunting sling "Joibeddi" {speed, rN+ Str-2 SInv Stlth+}
rCold    . . .     Faith    .   T - +0 buckler {rF+}
rNeg     + . .     Spirit   .   E - +6 chain mail "Zesoim" {+Fly Str+6 Int+2}
rPois    +         Reflect  +   f - +0 helmet {Int+3}
rElec    +         Harm     .   Z - +0 cloak {rPois}
rCorr    .         Rampage  .   Y - +2 pair of gloves {archery}
Will     +....                  A - +1 pair of boots "Xyihar" {*Corrode rElec Regen+ SInv}
Stlth    +.........             V - amulet of reflection
HPRegen  0.72/turn              g - +4 ring of slaying
MPRegen  0.20/turn              F - +4 ring of protection

@: heroism, finesse, corroded, mesmerised, held
A: small, mutation resistance 1
}: 1/15 runes: serpentine
a: Renounce Religion, Evoke Flight, Heroism, Finesse


You were on level 4 of the Shoals.
You worshipped Okawaru.
Okawaru was extremely pleased with you.
You visited 6 branches of the dungeon, and saw 32 of its levels.
You also visited: Ice Cave and Volcano.

You collected 3796 gold pieces.
You spent 2501 gold pieces at shops.

Inventory:

Hand Weapons
 a - the +9 hunting sling "Joibeddi" (weapon) {speed, rN+ Str-2 SInv Stlth+}
   (Okawaru gifted it to you on level 10 of the Dungeon)

   Attacks with this weapon are significantly faster.
   It affects your strength (-2).
   It protects you from negative energy.
   It lets you see invisible.
   It makes you more stealthy.
 b - the +5 short sword "Ipemil" {vamp, rPois rF- Int+5}
   (You found it on level 3 of the Snake Pit)

   It inflicts no extra harm, but heals its wielder when it wounds a living foe.
   It affects your intelligence (+5).
   It makes you vulnerable to fire.
   It protects you from poison.
 d - a +3 fustibalus
Missiles
 o - 11 curare-tipped darts
 p - 774 stones
 v - 10 boomerangs of dispersal
 w - 4 boomerangs
 M - 262 sling bullets (quivered ammo)
Armour
 f - a +0 helmet of intelligence (worn)
 A - the +1 pair of boots "Xyihar" (worn) {*Corrode rElec Regen+ SInv}
   (Okawaru gifted it to you on level 2 of the Snake Pit)

   It insulates you from electricity.
   It lets you see invisible.
   It increases your rate of regeneration.
   It may corrode you when you take damage.
 E - the +6 chain mail "Zesoim" (worn) {+Fly Str+6 Int+2}
   (Okawaru gifted it to you on level 4 of the Lair of Beasts)

   It affects your strength (+6).
   It affects your intelligence (+2).
   It lets you fly.
 T - a +0 buckler of fire resistance (worn)
 Y - a +2 pair of gloves of archery (worn)
 Z - a +0 cloak of poison resistance (worn)
Jewellery
 g - a +4 ring of slaying (left hand)
 h - an uncursed amulet of regeneration
 l - an uncursed ring of protection from cold
 n - an uncursed ring of willpower
 F - a +4 ring of protection (right hand)
 G - an uncursed ring of resist corrosion
 V - an amulet of reflection (around neck)
Wands
 y - a wand of digging (8)
 z - a wand of paralysis (4)
 C - a wand of iceblast (8)
 O - a wand of acid (37)
 P - a wand of disintegration (50)
 S - a wand of flame (76)
Scrolls
 e - 16 scrolls of identify
 i - 13 scrolls of remove curse
 j - 2 scrolls of magic mapping
 k - 10 scrolls of blinking
 t - 7 scrolls of fog
 x - a scroll of holy word
 B - 17 scrolls of teleportation
 I - 2 scrolls of vulnerability
 J - 5 scrolls of fear
 K - a scroll of summoning
Potions
 c - 5 potions of haste
 q - a potion of invisibility
 s - 14 potions of curing
 u - 9 potions of heal wounds
 D - 5 potions of ambrosia
 H - 4 potions of might
 L - a potion of resistance
 X - 2 potions of lignification
Miscellaneous
 m - a phantom mirror
 r - a tin of tremorstones (inert)


   Skills:
 - Level 14.0(19.0) Fighting
 - Level 12.0(17.0) Short Blades
 - Level 12.0(17.0) Slings
 - Level 12.0(17.0) Armour
 - Level 12.0(17.0) Dodging
 - Level 1.1(6.1) Stealth
 - Level 14.0(19.0) Shields
 - Level 5.0 Spellcasting
 - Level 7.0 Hexes
 + Level 6.5 Necromancy
 - Level 9.0 Translocations
 + Level 0.1 Earth Magic
 - Level 10.0 Invocations
 - Level 9.0 Evocations


You had 8 spell levels left.
You knew the following spells:

 Your Spells              Type           Power        Failure   Level
b - Borgnjor's Vile Clut  Necr/Erth      6%           99%         5
d - Iskenderun's Mystic   Conj/Tloc      17%          71%         4
g - Gell's Gravitas       Tloc           15%          4%          3
k - Blink                 Tloc           N/A          2%          2
p - Portal Projectile     Hex/Tloc       54%          8%          3
t - Confusing Touch       Hex            24%          12%         3

Your spell library contained the following spells:

 Spells                   Type           Power        Failure   Level
 Corona                   Hex            26%          3%          1
 Pain                     Necr           92%          4%          1
 Lesser Beckoning         Tloc           15%          4%          3
 Teleport Other           Tloc           30%          4%          3
 Slow                     Hex            24%          6%          2
 Passage of Golubria      Tloc           N/A          17%         4
 Cause Fear               Hex            12%          36%         4
 Dazzling Flash           Conj/Hex       28%          43%         3
 Inner Flame              Hex/Fire       14%          43%         3
 Sandblast                Erth           8%           54%         1
 Magic Dart               Conj           12%          56%         1
 Call Imp                 Summ           3%           71%         2
 Passwall                 Tmut/Erth      2%           71%         2
 Poisonous Vapours        Pois/Air       6%           71%         2
 Searing Ray              Conj           6%           71%         2
 Fulminant Prism          Conj/Hex       7%           85%         4
 Leda's Liquefaction      Hex/Erth       7%           85%         4
 Conjure Flame            Conj/Fire      3%           90%         3
 Ignite Poison            Fire/Tmut/Pois 3%           90%         3
 Mephitic Cloud           Conj/Pois/Air  3%           90%         3
 Stone Arrow              Conj/Erth      6%           90%         3
 Metabolic Englaciation   Hex/Ice        7%           99%         5
 Silence                  Hex/Air        7%           99%         5
 Yara's Violent Unravell  Hex/Tmut       7%           99%         5
 Petrify                  Tmut/Erth      3%           100%        4
 Bolt of Magma            Conj/Fire/Erth 1%           100%        5
 Lee's Rapid Deconstruct  Erth           2%           100%        5
 Eringya's Noxious Bog    Tmut/Pois      1%           100%        6
 Statue Form              Tmut/Erth      2%           100%        6
 Malign Gateway           Summ/Tloc      8%           100%        7
 Monstrous Menagerie      Summ           1%           100%        7
 Summon Greater Demon     Summ           1%           100%        7
 Discord                  Hex            12%          100%        8
 Summon Horrible Things   Summ           1%           100%        8


Dungeon Overview and Level Annotations

Branches:
Dungeon (15/15)            Temple (1/1) D:6            Lair (6/6) D:9
 Shoals (4/4) Lair:3        Snake (4/4) Lair:3        Slime (0/5) Lair:5
    Orc (2/2) D:11            Elf (0/3) Orc:2        Vaults (0/5) D:13
 Depths (0/5) D:15          IceCv (visited)         Volcano (visited)

Altars:
Ashenzari
Cheibriados
Dithmenos
Elyvilon
Fedhas
Gozag
Hepliaklqana
Kikubaaqudgha
Makhleb
Nemelex Xobeh
Okawaru
Qazlal
Ru
Sif Muna
Trog
Uskayaw
Vehumet
Wu Jian
Xom
Yredelemnul
Zin
The Shining One
Beogh
Jiyva

Shops:
D:7 *   D:9 [   D:13 :   D:15 !   Orc:2 !!=(   Shoals:1 :   Shoals:3 *
Snake:1 **   Snake:4 [}!?:

Portals:
Trove: D:13 (show slimy rune of Zot)

Annotations:
D:4 2 runed translucent doors, Tirrikindir's ghost, amateur OpFi


Innate Abilities, Weirdness & Mutations

You are small and have problems with some larger weapons.
You are somewhat resistant to further mutation.


Message History

The merfolk hits you but does no damage.
The merfolk avatar chants its luring song.
The merfolk impaler barely misses you.
An alligator snapping turtle comes into view.
The merfolk javelineer hits you but does no damage.
You are too injured to fight recklessly!
Unknown command.
You struggle against the net.
The wind drake hisses angrily.
The merfolk impaler hits you from afar with a +2 demon trident of freezing!
The merfolk impaler freezes you!
* * * LOW HITPOINT WARNING * * *
A water nymph comes into view.
The snapping turtle bites you from afar.
* * * LOW HITPOINT WARNING * * *
The merfolk hits you but does no damage. x2
The merfolk impaler hits you from afar with a +2 demon trident of freezing!!
* * * LOW HITPOINT WARNING * * *
The merfolk impaler freezes you!
You die...

...≈≈≈≈## #..≈≈≈≈≈#
≈≈≈≈.. #..≈≈≈≈≈≈
≈≈.≈≈..#######...≈≈≈≈≈
≈≈≈≈≈..(..(((...≈≈m≈≈≈
≈≈≈≈≈≈.≈.....$m..≈≈≈≈≈
≈≈≈≈...≈P≈....(.m(≈≈≈≈
≈≈≈≈...m≈)....@()≈(≈≈≈
≈≈≈≈....(.)...m.)(≈≈≈≈
≈≈≈≈.P≈(((..(mtm).≈≈≈≈
≈≈≈≈P<.<(.(..)mH..≈≈≈≈
≈≈≈≈PP..≈...PP(.kP.≈≈≈
≈≈≈≈P≈..######..P...≈≈
≈≈≈≈≈≈≈## .#.t.....
≈≈≈≈≈≈# . #......
≈≈≈≈≈≈ #....


You could see an alligator snapping turtle, a merfolk avatar (mesmerising), a
merfolk impaler, a merfolk javelineer, a snapping turtle, a wind drake (repels
missiles), 4 merfolk, a water nymph and a harpy.

Vanquished Creatures
  Vashnia (Snake:3)
  Rupert (D:14)
  Asterion (Snake:4)
  A kraken (Shoals:2)
  Kirke (Snake:4)
  Polyphemus (Shoals:2)
  Roxanne (Snake:3)
  Ilsuiw (Shoals:2)
  7 nagarajas (Snake:4)
  Aizul (Snake:3)
  An ironheart preserver (D:13)
  2 stone giants
  A white draconian (IceCv)
  A merfolk javelineer (Shoals:2)
  2 merfolk impalers
  11 naga warriors
  Erolcha (Orc:2)
  7 hydras
  7 anacondas
  2 boulder beetles
  5 catoblepae
  A death knight (D:14)
  An alligator snapping turtle (Shoals:2)
  3 centaur warriors
  A queen ant (Lair:2)
  3 merfolk aquamancers
  6 two-headed ogres
  A tengu warrior (D:15)
  3 orc high priests (Orc:2)
  27 death yaks
  11 naga sharpshooters
  7 shock serpents
  A hell knight (D:15)
  Sonja (Orc:2)
  Nergalle (D:12)
  3 unseen horrors
  A salamander mystic (Snake:3)
  5 sea snakes
  3 naga ritualists
  A deep elf archer (D:15)
  Pikel (D:4)
  A wolf spider zombie (D:14)
  9 ugly things
  6 orc knights
  5 orc sorcerers (Orc:2)
  A deep elf mage (D:15)
  An oklob plant (Lair:1)
  5 mana vipers
  10 fauns
  5 cyclopes
  A cyclops (shapeshifter) (D:15)
  3 salamanders (Snake:1)
  15 manticores
  3 centaur zombies
  7 merfolk sirens
  Maurice (D:8)
  2 guardian serpents
  11 naga magi
  36 black mambas
  3 gargoyles
  6 elephants
  An ice statue (IceCv)
  8 cane toads
  3 water nymphs
  Maggie (D:7)
  11 komodo dragons
  2 efreet
  5 rime drakes
  7 trolls
  21 merfolk
  15 polar bears
  6 meliai
  Grinder (D:3)
  4 wind drakes
  Prince Ribbit (D:6)
  15 dream sheep
  30 blink frogs
  2 meliai zombies
  8 snapping turtles
  9 water elementals
  5 wyverns
  A wraith (D:11)
  A vampire (D:14)
  7 hogs (Snake:4)
  77 yaks
  4 basilisks
  A fire elemental (Volcano)
  Grum (D:11)
  8 vampire mosquitoes
  53 nagas
  5 soldier ants
  Menkaure (D:5)
  An acid dragon (D:12)
  2 wargs
  6 water moccasins
  2 hell hounds (Lair:2)
  Duvessa (D:7)
  19 orc warriors
  3 sky beasts (D:8)
  13 ice beasts
  A necrophage (D:8)
  An eye of draining (D:13)
  38 wolves
  8 ogres
  12 centaurs
  2 lemures (D:4)
  4 big kobolds
  13 bullfrogs
  2 earth elementals (Volcano)
  Dowan (D:7)
  A wyvern zombie (D:12)
  2 wyvern skeletons
  7 scorpions
  12 wights
  20 killer bees
  7 howler monkeys
  3 bullfrog zombies
  4 hounds
  2 quasits
  4 bullfrog skeletons
  4 jellies
  2 centaur skeletons
  2 iguanas
  22 orc priests
  21 orc wizards
  28 worker ants
  A statue (D:4)
  2 killer bee zombies
  A hound zombie (D:7)
  2 hound skeletons
  3 worker ant zombies
  3 gnolls (D:4)
  2 howler monkey skeletons
  9 adders
  5 shadow imps
  8 white imps
  An ufetubus (D:8)
  2 oozes
  An adder zombie (D:10)
  An adder skeleton (D:4)
  4 worms
  3 dart slugs
  4 leopard geckos
  89 orcs
  6 giant cockroaches
  4 goblins (D:1)
  11 hobgoblins
  8 jackals
  52 kobolds
  4 quokkas
  2 ball pythons (D:3)
  5 bats
  2 frilled lizards
  A leopard gecko skeleton (D:6)
  2 quokka skeletons (D:4)
  10 rats
  A spectral orc (D:4)
  3 tentacles (Shoals:2)
1104 creatures vanquished.

Vanquished Creatures (collateral kills)
  A komodo dragon (Lair:6)
1 creature vanquished.

Vanquished Creatures (others)
  A satyr (Shoals:3)
  A polar bear (IceCv)
  A dream sheep (Lair:6)
  An eye of draining (D:13)
  A wolf (IceCv)
  A quokka (D:14)
  A bush (Lair:5)
  31 fungi
  107 plants
  9 tentacles (Shoals:2)
154 creatures vanquished.

Grand Total: 1259 creatures vanquished

Notes
Turn   | Place    | Note
-------+----------+-------------------------------------------
     0 | D:1      | porpoise the Halfling Hunter began the quest for the Orb.
     0 | D:1      | Reached XP level 1. HP: 14/14 MP: 1/1
   474 | D:1      | Reached XP level 2. HP: 19/19 MP: 2/2
  1039 | D:1      | Reached XP level 3. HP: 25/25 MP: 3/3
  1717 | D:2      | Found a faded altar of an unknown god.
  2225 | D:3      | Reached XP level 4. HP: 16/31 MP: 4/4
  2546 | D:3      | Noticed Grinder
  2554 | D:3      | Paralysed by Grinder for 5 turns
  2564 | D:3      | Killed Grinder
  2565 | D:3      | Reached XP level 5. HP: 4/38 MP: 5/5
  2565 | D:3      | Reached XP level 6. HP: 5/45 MP: 6/6
  3055 | D:3      | Reached skill level 5 in Fighting
  3546 | D:3      | Reached XP level 7. HP: 50/50 MP: 7/7
  4092 | D:4      | Reached XP level 8. HP: 36/55 MP: 8/8
  4373 | D:4      | Noticed Pikel
  4394 | D:4      | Killed Pikel
  4395 | D:4      | Reached skill level 5 in Dodging
  4599 | D:4      | Reached skill level 1 in Armour
  4802 | D:4      | Found a runed translucent door.
  4804 | D:4      | Noticed Tirrikindir's ghost (amateur OpFi)
  5163 | D:4      | Found a runed translucent door.
  5215 | D:4      | Reached XP level 9. HP: 61/61 MP: 9/9
  5232 | D:4      | Found a radiant altar of Vehumet.
  5303 | D:4      | Found a basalt altar of Yredelemnul.
  5425 | D:5      | Entered Level 5 of the Dungeon
  5453 | D:5      | Reached skill level 1 in Short Blades
  5745 | D:5      | Noticed Menkaure
  5752 | D:5      | Killed Menkaure
  5824 | D:5      | Learned a level 2 spell: Blink
  6255 | D:6      | Noticed Prince Ribbit
  6260 | D:6      | Reached skill level 5 in Armour
  6267 | D:6      | Killed Prince Ribbit
  6268 | D:6      | Reached skill level 5 in Short Blades
  6268 | D:6      | Reached skill level 1 in Evocations
  6419 | D:6      | Found a staircase to the Ecumenical Temple.
  6461 | Temple   | Entered the Ecumenical Temple
  6468 | Temple   | Became a worshipper of Warmaster Okawaru
  7248 | D:7      | Found Getel's General Store.
  7255 | D:7      | Bought a scroll of vulnerability for 97 gold pieces
  7255 | D:7      | Bought a scroll of immolation for 45 gold pieces
  7530 | D:7      | Reached XP level 10. HP: 66/66 MP: 10/10
  7531 | D:7      | Noticed Maggie
  7550 | D:7      | Killed Maggie
  7550 | D:7      | Reached * piety under Okawaru
  7551 | D:7      | Reached skill level 5 in Evocations
  7663 | D:7      | Reached skill level 1 in Invocations
  7687 | D:7      | Noticed Duvessa
  7696 | D:7      | Killed Duvessa
  7697 | D:7      | Noticed Dowan
  7706 | D:7      | Killed Dowan
  7861 | D:7      | Found a runed translucent door.
  8349 | D:7      | Identified the ring of the Visionary {Wiz rPois rF- Will+
                  | SInv}
  8512 | D:7      | Found a roughly hewn altar of Beogh.
  9342 | D:8      | Noticed Maurice
  9344 | D:8      | Reached ** piety under Okawaru
  9351 | D:8      | Killed Maurice
  9784 | D:8      | Got a transparent hunting sling
  9785 | D:8      | Identified the cursed +0 hunting sling of the Imperium
                  | {vorpal, Str+6} (You found it on level 8 of the Dungeon)
  9893 | D:8      | Found an ancient bone altar of Kikubaaqudgha.
 10150 | D:9      | Noticed a two-headed ogre
 10159 | D:9      | Killed a two-headed ogre
 10159 | D:9      | Reached *** piety under Okawaru
 10160 | D:9      | Reached XP level 11. HP: 62/75 MP: 13/13
 10222 | D:9      | Found a blossoming altar of Fedhas.
 10319 | D:9      | Received a gift from Okawaru
 10594 | D:9      | Found a staircase to the Lair.
 10864 | D:9      | Found Tugeuxta's Antique Armour Shoppe.
 10984 | D:9      | Bought a pair of embroidered gloves for 195 gold pieces
 10984 | D:9      | Bought a crude ring mail for 234 gold pieces
 11004 | D:9      | Identified the +1 ring mail "Moepp" {rElec Int+2 Slay+3}
                  | (You bought it in a shop on level 9 of the Dungeon)
 11269 | Lair:1   | Entered Level 1 of the Lair of Beasts
 11355 | Lair:1   | Found a frozen archway.
 11379 | Lair:1   | Reached **** piety under Okawaru
 11408 | Lair:1   | Found a white marble altar of Elyvilon.
 11408 | Lair:1   | Noticed an oklob plant
 11436 | IceCv    | Entered an ice cave
 11453 | IceCv    | Received a gift from Okawaru
 11853 | IceCv    | Got a warped trident
 11854 | IceCv    | Identified the +3 trident of Ciofoev {elec, Str+5} (You
                  | found it in an ice cave)
 12199 | IceCv    | Reached ***** piety under Okawaru
 12210 | IceCv    | Reached XP level 12. HP: 85/85 MP: 14/14
 12455 | IceCv    | Received a gift from Okawaru
 12543 | IceCv    | Noticed a death yak
 12553 | IceCv    | Killed a death yak
 12750 | IceCv    | Noticed a white draconian
 12750 | IceCv    | Noticed a death yak
 12767 | IceCv    | Killed a death yak
 12768 | IceCv    | Reached skill level 5 in Invocations
 12787 | IceCv    | Killed a white draconian
 12920 | IceCv    | Got a masterwork flail
 12921 | IceCv    | Identified the +8 flail of Oozing Pus {holy, *Corrode Str+5
                  | Dex+8} (You found it in an ice cave)
 12997 | Lair:1   | Noticed a seven-headed hydra
 13002 | Lair:1   | Killed a seven-headed hydra
 13799 | D:10     | Entered Level 10 of the Dungeon
 13799 | D:10     | Found the +10 Black Knight's barding {ponderous, rPois rN+}
 13826 | D:10     | Noticed a two-headed ogre
 13832 | D:10     | Killed a two-headed ogre
 13974 | D:10     | Reached XP level 13. HP: 90/90 MP: 18/18
 14166 | D:10     | Received a gift from Okawaru
 14167 | D:10     | Got a brightly glowing hunting sling {god gift}
 14168 | D:10     | Identified the +9 hunting sling "Joibeddi" {speed, rN+
                  | Str-2 SInv Stlth+} (Okawaru gifted it to you on level 10 of
                  | the Dungeon)
 14902 | D:11     | Noticed a boulder beetle
 14932 | D:11     | Killed a boulder beetle
 14933 | D:11     | Reached skill level 10 in Dodging
 15207 | D:11     | Found a staircase to the Orcish Mines.
 15253 | D:11     | Noticed Grum
 15263 | D:11     | Killed Grum
 15838 | D:12     | Received a gift from Okawaru
 16005 | D:12     | Noticed Nergalle
 16014 | D:12     | Killed Nergalle
 16267 | D:12     | Received a gift from Okawaru
 16271 | D:12     | Got an ancient scale mail {god gift}
 16282 | D:12     | Identified the +5 scale mail "Gujomif" {rN+} (Okawaru
                  | gifted it to you on level 12 of the Dungeon)
 16439 | D:12     | Found a broken altar of Ashenzari.
 16978 | Lair:2   | Found a dark tunnel.
 17006 | Volcano  | Entered a volcano
 17045 | Volcano  | Noticed a stone giant
 17057 | Volcano  | Killed a stone giant
 17058 | Volcano  | Reached skill level 10 in Fighting
 17410 | Volcano  | Reached XP level 14. HP: 99/99 MP: 20/20
 17857 | Lair:2   | Reached XP level 15. HP: 104/104 MP: 21/21
 18454 | Lair:3   | Found a staircase to the Snake Pit.
 18903 | Lair:3   | Found a staircase to the Shoals.
 19439 | Lair:4   | Reached skill level 10 in Armour
 19447 | Lair:4   | Received a gift from Okawaru
 19479 | Lair:4   | Got a transparent dagger {god gift}
 19480 | Lair:4   | Identified the +3 dagger "Zisefecs" {vorpal, MP+9 Stlth+}
                  | (Okawaru gifted it to you on level 4 of the Lair of Beasts)
 19907 | Lair:4   | Received a gift from Okawaru
 20189 | Lair:4   | Received a gift from Okawaru
 20190 | Lair:4   | Got a heavily runed chain mail {god gift}
 20201 | Lair:4   | Identified the +6 chain mail "Zesoim" {+Fly Str+6 Int+2}
                  | (Okawaru gifted it to you on level 4 of the Lair of Beasts)
 20900 | Lair:5   | Reached skill level 5 in Translocations
 20929 | Lair:5   | Reached skill level 5 in Shields
 21152 | Lair:5   | Identified a scroll of acquirement
 21153 | Lair:5   | Acquired a +0 cloak of poison resistance
 21180 | Lair:5   | Reached XP level 16. HP: 114/114 MP: 23/23
 21208 | Lair:5   | Found a viscous altar of Jiyva.
 21209 | Lair:5   | Found a staircase to the Slime Pits.
 21995 | D:13     | Found a portal to a secret trove of treasure.
 22103 | D:13     | Found Luon's Book Shoppe.
 22147 | D:13     | Reached skill level 10 in Invocations
 22266 | D:13     | Identified the ring of Kiqaas {Int+4 Dex+6}
 22421 | D:13     | Found a gate to the Vaults.
 23115 | D:14     | Received a gift from Okawaru
 23351 | D:14     | Found a white marble altar of Elyvilon.
 23376 | D:14     | Reached skill level 10 in Short Blades
 23836 | D:14     | Noticed Rupert
 23860 | D:14     | Killed Rupert
 24226 | D:14     | Received a gift from Okawaru
 24691 | D:15     | Entered Level 15 of the Dungeon
 24695 | D:15     | Found Oco Ratz's Distillery.
 24804 | D:15     | Found an opulent altar of Gozag.
 24866 | D:15     | Reached skill level 5 in Spellcasting
 25645 | D:15     | Found a staircase to the Depths.
 26091 | Orc:1    | Entered Level 1 of the Orcish Mines
 26150 | Orc:1    | Found a roughly hewn altar of Beogh.
 26351 | Orc:2    | Entered Level 2 of the Orcish Mines
 26877 | Orc:2    | Found a staircase to the Elven Halls.
 26926 | Orc:2    | Noticed Erolcha
 26931 | Orc:2    | Killed Erolcha
 26932 | Orc:2    | Reached XP level 17. HP: 119/119 MP: 18/24
 26977 | Orc:2    | Noticed Sonja
 26980 | Orc:2    | Killed Sonja
 27480 | Orc:2    | Found Otearal's Distillery.
 27574 | Orc:2    | Received a gift from Okawaru
 27617 | Orc:2    | Found Ynkoito's Distillery.
 27645 | Orc:2    | Bought a potion of heal wounds for 65 gold pieces
 27645 | Orc:2    | Found Jugaxuom's Jewellery Emporium.
 27676 | Orc:2    | Found Iwaxt's Weapon Boutique.
 28034 | Lair:6   | Entered Level 6 of the Lair of Beasts
 28263 | Lair:6   | Received a gift from Okawaru
 28508 | Lair:6   | Received a gift from Okawaru
 28827 | Lair:6   | Reached ****** piety under Okawaru
 28827 | Lair:6   | Received a gift from Okawaru
 29047 | Lair:6   | Found the +2 robe of Vines {NoPotionHeal Regen+7}
 29244 | Lair:6   | Reached skill level 10 in Shields
 30141 | Lair:6   | Learned a level 3 spell: Gell's Gravitas
 30146 | Lair:6   | Learned a level 4 spell: Iskenderun's Mystic Blast
 30426 | Snake:1  | Entered Level 1 of the Snake Pit
 30429 | Snake:1  | Found Jeugeom's General Store.
 30432 | Snake:1  | Found Moehaj's General Store.
 30445 | Snake:1  | Bought a scroll of blinking for 120 gold pieces
 30458 | Snake:1  | Bought a tin of tremorstones (2/2) for 560 gold pieces
 31006 | Snake:1  | Reached XP level 18. HP: 123/126 MP: 25/25
 31761 | Snake:2  | Received a gift from Okawaru
 31773 | Snake:2  | Got a pair of faintly glowing boots {god gift}
 31784 | Snake:2  | Identified the +1 pair of boots "Xyihar" {*Corrode rElec
                  | Regen+ SInv} (Okawaru gifted it to you on level 2 of the
                  | Snake Pit)
 32559 | Snake:3  | Learned a level 3 spell: Confusing Touch
 32927 | Snake:3  | Identified Sif Muna's Incunabulum of Ghastly Poison
 32935 | Snake:3  | Learned a level 5 spell: Borgnjor's Vile Clutch
 33086 | Snake:3  | Got a smoking short sword
 33087 | Snake:3  | Identified the +5 short sword "Ipemil" {vamp, rPois rF-
                  | Int+5} (You found it on level 3 of the Snake Pit)
 33321 | Snake:3  | Noticed Vashnia
 33357 | Snake:3  | Killed Vashnia
 33458 | Snake:3  | Identified Roxanne's Catalogue of Clay
 33458 | Snake:3  | Noticed Roxanne
 33480 | Snake:3  | Killed Roxanne
 33558 | Snake:3  | Noticed Aizul
 33574 | Snake:3  | Killed Aizul
 34071 | Snake:4  | Entered Level 4 of the Snake Pit
 34180 | Snake:4  | Found Ucedora's Distillery.
 34182 | Snake:4  | Found Porap Mit's Book Shoppe.
 34182 | Snake:4  | Found Wyfagekk's Gadget Emporium.
 34187 | Snake:4  | Bought a potion of curing for 30 gold pieces
 34187 | Snake:4  | Bought a potion of heal wounds for 50 gold pieces
 34187 | Snake:4  | Found Neesador's Magic Scroll Shoppe.
 34230 | Snake:4  | Bought a book of Debilitation for 760 gold pieces
 34234 | Snake:4  | Learned a level 3 spell: Portal Projectile
 34697 | Snake:4  | Found Zeshorph's Antique Armour Shoppe.
 34705 | Snake:4  | Bought a glowing scarf for 184 gold pieces
 34705 | Snake:4  | Bought an embroidered hat for 161 gold pieces
 34746 | Snake:4  | Noticed Kirke
 34773 | Snake:4  | Noticed Asterion
 34810 | Snake:4  | Killed Asterion
 34816 | Snake:4  | Killed Kirke
 34856 | Snake:4  | Found a glowing golden altar of the Shining One.
 35009 | Snake:4  | Received a gift from Okawaru
 35127 | Snake:4  | Reached skill level 1 in Hexes
 35127 | Snake:4  | Reached XP level 19. HP: 132/136 MP: 26/26
 35251 | Snake:4  | Reached skill level 1 in Necromancy
 35457 | Snake:4  | Received a gift from Okawaru
 35553 | Snake:4  | Got a serpentine rune of Zot
 36006 | Shoals:1 | Entered Level 1 of the Shoals
 36339 | Shoals:1 | Found Romasi's Book Shoppe.
 36386 | Shoals:1 | Received a gift from Okawaru
 36387 | Shoals:1 | Got a smoking rapier {god gift}
 36388 | Shoals:1 | Identified the +1 rapier of Overwhelming Force {flame, rF+
                  | Will+ MP+9} (Okawaru gifted it to you on level 1 of the
                  | Shoals)
 36809 | Shoals:2 | Reached skill level 5 in Hexes
 36833 | Shoals:2 | Noticed Ilsuiw
 36868 | Shoals:2 | Killed Ilsuiw
 37189 | Shoals:2 | Reached skill level 5 in Necromancy
 37217 | Shoals:2 | Noticed Polyphemus
 37237 | Shoals:2 | Killed Polyphemus
 38557 | Shoals:3 | Received a gift from Okawaru
 39023 | Shoals:3 | Found Kufenas's Mayhem Merchandise.
 39087 | Shoals:4 | Entered Level 4 of the Shoals
 39105 | Shoals:4 | Received a gift from Okawaru
 39150 | Shoals:4 | Slain by a merfolk impaler

Illustrated notes

Levels and vault maps discovered:
D:1:      dpeg_arrival_simpleton_b, layout_loops_ring, serial_glass,
          glass_columns_c, glass_columns_b, glass_columns_a, glass_columns_c,
          glass_columns_a
D:2:      layout_basic, chequers_ecumenical_altar_island
D:3:      minmay_goblin_kobold_castle, layout_rooms, uniq_grinder
D:4:      layout_loops_ring, vehumet_statue,
          yredelemnul_forgotten_temple_becter, ebering_ghost_sewer_f, uniq_pikel
D:5:      layout_cave_pools, uniq_menkaure
D:6:      layout_basic, minmay_temple_entry_slanted, uniq_prince_ribbit1
D:7:      layout_loops_ring, serial_shops, nicolae_shop_trees,
          lightli_church_of_beogh, uniq_maggie, uniq_duvessa
D:8:      layout_basic, lemuel_round_altar, uniq_maurice
D:9:      layout_loops_ring, fedhas_ov_isle_minmay, lair_entry_dummy,
          serial_shops, nicolae_shop_overgrown_old_shop
D:10:     layout_irregular_city, minmay_fractal_squares_5
D:11:     layout_irregular_city, orc_0_dummy, uniq_grum
D:12:     layout_gridville, nicolae_ashenzari_panopticon, uniq_nergalle
D:13:     layout_loops_ring, skrybe_vaults_entry_preservation, enter_trove_2,
          serial_shops, shop
D:14:     layout_basic, elyvilon_altar_4, uniq_rupert
D:15:     hangedman_depths_entry_civil_slaughter, layout_loops_corners,
          nicolae_gozag_cash_rules_everything_around_me, serial_shops,
          nicolae_shop_crystal
Temple:   nicolae_temple_no_exploring_needed
Lair:1:   wander_river, layout_chaotic_city, portal_ice_cave_entry_ice_beasts,
          lemuel_oklob_altar
Lair:2:   layout_regular_city, enter_volcano_3, serial_bayou_pond_c,
          minmay_another_anthill
Lair:3:   layout_roguey, minmay_shoals_entry_lonely_mermaid,
          minmay_snake_entry_guardpost_small, chequers_serial_rivers_large_a,
          minivault_19
Lair:4:   layout_roguey, gauntlet_entry_generic, minmay_lair_drake_nest,
          grunt_megastairs_4, infiniplex_staircase_pool_2
Lair:5:   layout_gridlike, slime_altar_1, serial_bayou, serial_bayou_ford_a,
          serial_bayou_pond_e, serial_bayou_pond_e, serial_bayou_pond_d,
          serial_bayou_crossing, guppyfry_lair_drakes
Lair:6:   evilmike_catoblepas_cave, layout_concentric_octagons,
          lemuel_fruit_tree
Shoals:1: layout_shoals, serial_shops, shop
Shoals:2: layout_shoals, uniq_polyphemus, uniq_ilsuiw
Shoals:3: layout_shoals, minmay_shop_mayhem
Shoals:4: shoals_end_hangedman, layout_shoals, serial_shops,
          nicolae_shop_statue_plus, nicolae_shop_crystal, shop_fountains,
          shop_statue, nicolae_shoals_water_shrine
Snake:1:  layout_grid_shapes, minmay_shop_star, grunt_megastairs_2,
          serial_bayou_shore_b
Snake:2:  layout_layer_cave
Snake:3:  layout_chambers, uniq_aizul, uniq_roxanne, uniq_vashnia
Snake:4:  minmay_snake_end_coiled, layout_onion_interference, serial_shops,
          shop, basic_altar, minmay_shoptagon, uniq_kirke, uniq_asterion
Orc:1:    layout_caves, basic_altar
Orc:2:    st_orc_elflike, layout_diamond_mine, uniq_sonja, uniq_erolcha

Skill      XL: |  1  2  3  4  5  6  7  8  9 10 11 12 13 14 15 16 17 18 19 |
---------------+----------------------------------------------------------+-----
Fighting       | 2 3 4 5 7 9 10 12 14 | 14.0
Slings         | 6 7 8 9 12 | 12.0
Dodging        | 4 5 6 9 11 12 | 12.0
Armour         | 2 5 6 9 12 | 12.0
Short Blades   | 6 9 12 | 12.0
Evocations     | 4 7 9 |  9.0
Invocations    | 3 7 9 10 | 10.0
Shields        | 4 5 7 11 13 14 | 14.0
Spellcasting   | 2 3 5 |  5.0
Translocations | 4 5 7 9 |  9.0
Hexes          | 1 7 |  7.0
Necromancy     | 6 |  6.5
Stealth        | |  1.1
Earth Magic    | |  0.1

Action                   |  1- 3 |  4- 6 |  7- 9 | 10-12 | 13-15 | 16-18 | 19-21 || total
-------------------------+-------+-------+-------+-------+-------+-------+-------++-------
Melee: Short sword       |   109 |     1 |     3 |    27 |     6 |    17 |    14 ||   177
       Trident           |       |       |       |     3 |       |       |       ||     3
       Hunting sling     |       |       |       |       |       |       |     3 ||     3
 Fire: Hunting sling     |    11 |    82 |   444 |   717 |   884 |  1947 |   785 ||  4870
Throw: Dart              |       |       |     4 |       |       |       |       ||     4
 Cast: Blink             |       |       |       |       |       |     3 |       ||     3
       Gell's Gravitas   |       |       |       |       |       |     1 |       ||     1
Invok: Heroism           |       |       |       |     3 |     6 |     6 |     4 ||    19
       Finesse           |       |       |       |     1 |     6 |    14 |     5 ||    26
Evoke: Wand              |       |       |       |     6 |       |     1 |       ||     7
       Tin of tremorston |       |       |       |       |       |       |     2 ||     2
  Use: Scroll            |     8 |     6 |     4 |     7 |    10 |     7 |     3 ||    45
       Potion            |       |     1 |       |       |     1 |     1 |       ||     3
 Stab: Sleeping          |     2 |       |       |       |       |       |       ||     2
Armor: Leather armour    |    23 |       |       |       |       |       |       ||    23
       Ring mail         |       |     6 |    26 |    31 |     4 |       |       ||    67
       Swamp dragon scal |       |       |       |    25 |       |       |       ||    25
       Scale mail        |       |       |       |       |    17 |       |       ||    17
       Chain mail        |       |       |       |       |       |   100 |    51 ||   151
Dodge: Dodged            |    64 |    14 |    50 |   217 |    53 |   127 |    61 ||   586
Block: Buckler           |       |       |       |       |       |   128 |    62 ||   190
       Reflection        |       |       |       |       |       |    27 |    21 ||    48
       Other             |       |       |       |       |       |     9 |       ||     9
